 Dungeon Crawl Stone Soup version 0.21.1-1-g345015f (webtiles) character file.

46 Mgcat the Sneak (level 3, 0/16 HPs)
             Began as a Spriggan Earth Elementalist on Feb 5, 2018.
             Succumbed to an adder's poison
             ... on level 2 of the Dungeon.
             The game lasted 00:04:37 (1296 turns).

Mgcat the Sneak (Spriggan Earth Elementalist)       Turns: 1296, Time: 00:04:38

Health: 0/16       AC:  2    Str:  4    XL:     3   Next: 46%
Magic:  8/8        EV: 25    Int: 22    God:
Gold:   76         SH:  0    Dex: 21    Spells: 4/8 levels left

rFire    . . .     SeeInvis +   h - +0 dagger
rCold    . . .     Gourm    .   (shield restricted)
rNeg     . . .     Faith    .   c - +0 robe
rPois    .         Spirit   .   (helmet restricted)
rElec    .         Reflect  .   (no cloak)
rCorr    .         Harm     .   (gloves unavailable)
MR       .....                  (boots unavailable)
Stlth    ++++......             (no amulet)
HPRegen  0.05/turn              (no ring)
MPRegen  0.11/turn              (no ring)

@: brilliant, agile, lethally poisoned (0 -> -1), hasted, very quick
A: very small, unfitting armour, see invisible, herbivore, speed 3, slow
metabolism 2
a: no special abilities


You were on level 2 of the Dungeon.
You were not hungry.

You visited 1 branch of the dungeon, and saw 2 of its levels.

You collected 76 gold pieces.

Inventory:

Hand Weapons
 h - a +0 dagger (weapon)
   (You found it on level 1 of the Dungeon)
Missiles
 b - 15 stones (quivered)
Armour
 c - a +0 robe (worn)
Scrolls
 f - 2 scrolls of identify
 j - a scroll of teleportation
Books
 e - a book of Geomancy
Comestibles
 d - 2 rations


   Skills:
 - Level 3.7 Dodging
 + Level 4.0 Stealth
 + Level 3.3 Spellcasting
 + Level 0.1 Conjurations
   Level 1.3 Transmutations
 + Level 3.1 Earth Magic


You had 4 spell levels left.
You knew the following spells:

 Your Spells              Type           Power        Failure   Level  Hunger
a - Sandblast             Erth           ####..       1%          1    None
b - Stone Arrow           Conj/Erth      ###...       2%          3    ###....


Dungeon Overview and Level Annotations

Branches:
Dungeon (2/15)

Altars:


Innate Abilities, Weirdness & Mutations

You are very small and have problems with some larger weapons.
You are too small for most types of armour.
You have supernaturally acute eyesight. (SInv)
You are a herbivore.
You cover ground extremely quickly.
You need consume almost no food.


Message History

No target in view!
No target in view!
j - 2 scrolls labeled QIXAUR QYREQU (gained 1)
Things that are here:
a club; a goblin corpse A rat comes into view.
The rat closely misses you.
You barely miss the rat. The rat misses you.
You hit the rat.
The rat is moderately wounded.
The rat completely misses you.
You hit the rat but do no damage.
The rat is moderately wounded.
The rat completely misses you.
You hit the rat.
You kill the rat!
No target in view!
An adder comes into view.
The adder hisses angrily.
The adder bites you.
You are poisoned.
The adder poisons you!
Casting: Sandblast
Confirm with . or Enter, or press ? or * to list all spells.
Aiming: Sandblast
Press: ? - help, Shift-Dir - straight line, f - adder
Aim: an adder You miscast Sandblast.
You are very lightly contaminated with residual magic.
Nothing appears to happen.
You feel sick. The adder bites you.
You are lethally poisoned!
The adder poisons you!
Casting: Sandblast
Confirm with . or Enter, or press ? or * to list all spells.
Aiming: Sandblast
Press: ? - help, Shift-Dir - straight line, f/p - adder
Aim: an adder The blast of sand hits the adder.
The adder is moderately wounded.
b - 16 stones You feel sick.
The adder misses you. The adder barely misses you.
Casting: Sandblast
Confirm with . or Enter, or press ? or * to list all spells.
Aiming: Sandblast
Press: ? - help, Shift-Dir - straight line, f/p - adder
Aim: an adder (moderately wounded)
The blast of sand hits the adder.
You kill the adder!
Your Stealth skill increases to level 4!
b - 15 stones
There is a lethal amount of poison in your body!
There is a lethal amount of poison in your body!
There is a lethal amount of poison in your body!
There is a lethal amount of poison in your body!
There is a lethal amount of poison in your body!
There is a lethal amount of poison in your body!
There is a lethal amount of poison in your body!
It was a potion of haste.
You feel yourself speed up.
You feel sick.
It was a potion of brilliance.
You feel clever all of a sudden.
It was a potion of agility.
You feel agile all of a sudden.
You feel sick.
As you read the scroll labeled KIYBLI ENEEHE, it crumbles to dust.
It is a scroll of identify.
j - 2 scrolls of teleportation
As you read the scroll labeled GIRESO DUSKUEPT, it crumbles to dust.
You feel aware of your surroundings.
It was a scroll of magic mapping.
As you read the scroll labeled SOISYD BOROJE, it crumbles to dust.
You feel blessed for a moment.
It was a scroll of remove curse.
You feel sick.
As you read the scroll labeled TACIVIO PONI, it crumbles to dust.
It is a scroll of amnesia.
Okay, then.
Unknown command.
Unknown command.
Unknown command.
Unknown command.
A frilled lizard comes into view.
* * * LOW HITPOINT WARNING * * *
You feel sick.
The frilled lizard hisses angrily.
* * * LOW HITPOINT WARNING * * *
You feel sick.
* * * LOW HITPOINT WARNING * * *
You feel sick.
Unknown command.
Unknown command.
Unknown command.
As you read the scroll of teleportation, it crumbles to dust.
You feel strangely unstable.
You see here a plate armour.
* * * LOW HITPOINT WARNING * * *
You feel sick.
Your surroundings suddenly seem different.
Your magical contamination has completely faded away.
A rat comes into view.
A frilled lizard comes into view.
* * * LOW HITPOINT WARNING * * *
You feel sick.
You die...

###..######******#,,*#.#
# ##.# #.,*#.# # *>#
#..##.##### # *.#
#.l.......# # *.#
*****###.#.###.# # *.#
*,,,,,,,,#...#.# * *,*
*,*#######.#.#.# * *,*
*,*#.........#.# * *,*
*,*#@#########.# *,*
*,*#.#,.r......# *,*
*,,..#,######### ****,*
*** **##.#,* ,,,*,*
*,******###,* *,**,*
*,,,,,,,,,,,* *,,,,*
*,*********** ****** *,*
*,*


There were no monsters in sight!

Vanquished Creatures
  2 adders (D:2)
  A dart slug (D:1)
  2 giant cockroaches
  5 goblins
  A hobgoblin (D:1)
  4 jackals (D:1)
  3 bats
  2 frilled lizards (D:2)
  3 kobolds
  3 rats
26 creatures vanquished.

Notes
Turn   | Place    | Note
-------+----------+-------------------------------------------
     0 | D:1      | Mgcat the Spriggan Earth Elementalist began the quest for the Orb.
     0 | D:1      | Reached XP level 1. HP: 9/9 MP: 5/5
   368 | D:1      | Reached skill level 3 in Spellcasting
   368 | D:1      | Reached XP level 2. HP: 13/13 MP: 5/7
   888 | D:2      | Reached skill level 3 in Earth Magic
   891 | D:2      | Reached XP level 3. HP: 11/16 MP: 4/8
  1052 | D:2      | Learned a level 3 spell: Stone Arrow
  1241 | D:2      | Reached skill level 4 in Stealth
  1252 | D:2      | HP: 4/16 [poisoned by an adder]
  1258 | D:2      | HP: 3/16 [poisoned by an adder]
  1266 | D:2      | HP: 3/16 [poisoned by an adder]
  1276 | D:2      | HP: 2/16 [poisoned by an adder]
  1286 | D:2      | HP: 1/16 [poisoned by an adder]
  1296 | D:2      | Succumbed to an adder's poison

Skill      XL: |  1  2  3 |
---------------+----------+-----
Spellcasting   | 3 |  3.3
Earth Magic    | 3 |  3.1
Stealth        | 4 |  4.0
Dodging        | |  3.7
Conjurations   | |  0.1
Transmutations | |  1.3

Action                   || total
-------------------------++-------
Melee: Unarmed           ||     6
       Dagger            ||    84
 Cast: Sandblast         ||    20
  Use: Scroll            ||     5
       Potion            ||     3
 Stab: Sleeping          ||     4
Armor: Robe              ||     5
Dodge: Dodged            ||    91

Vault maps used:
D:1:      mrwooster_arrival_statue, dk_noncrumbling_4, hex_large, moated_statue,
          minmay_misc_feat_tiny
D:2:      uniq_robin

Table legend:
 A = Turns spent in this place as a percentage of turns spent in the entire game.
 B = Non-inter-level travel turns spent in this place as a percentage of non-inter-level travel turns spent in the entire game.
 C = Inter-level travel turns spent in this place as a percentage of turns spent in this place.
 D = Turns resting spent in this place as a percentage of non-inter-level travel turns spent in this place.
 E = Turns spent auto-exploring this place as a percentage of non-inter-level travel turns spent in this place.
 F = Non-inter-level travel turns spent in this place divided by the number of levels of this place that you've seen.
                   A       B       C       D       E      F
               +-------+-------+-------+-------+-------+----------------------
         Total | 100.0 | 100.0 |   1.3 |   0.8 |  72.6 | 639.5
       Dungeon | 100.0 | 100.0 |   1.3 |   0.8 |  72.6 | 639.5
               +-------+-------+-------+-------+-------+----------------------

Table legend:
 A = Kills in this place as a percentage of kills in entire the game.
 B = Kills by you in this place as a percentage of kills by you in the entire game.
 C = Kills by friends in this place as a percentage of kills by friends in the entire game.
 D = Other kills in this place as a percentage of other kills in the entire game.
 E = Experience gained in this place as a percentage of experience gained in the entire game.
 F = Experience gained in this place divided by the number of levels of this place that you have seen.
                   A       B       C       D       E      F
               +-------+-------+-------+-------+-------+----------------------
         Total | 100.0 | 100.0 |   N/A |   N/A | 100.0 |  33.5
       Dungeon | 100.0 | 100.0 |   N/A |   N/A | 100.0 |  33.5
               +-------+-------+-------+-------+-------+----------------------
